 Dungeon Crawl Stone Soup version 0.22-a0-525-gf69a080 (webtiles) character file.

3268 BingusPrime the Carver (level 10, -1/79 HPs)
             Began as a Barachi Fighter on June 20, 2018.
             Was a Priest of Qazlal.
             Slain by a killer bee (7 damage)
             ... on level 8 of the Dungeon.
             The game lasted 00:41:34 (9765 turns).

BingusPrime the Carver (Barachi Fighter)            Turns: 9765, Time: 00:41:35

Health: -1/79      AC: 16    Str: 19    XL:     10   Next: 0%
Magic:  10/10      EV:  5    Int: 10    God:    Qazlal [***...]
Gold:   224        SH: 15    Dex: 14    Spells: 9/9 levels left

rFire    . . .     SeeInvis .   K - +0 scimitar
rCold    . . .     Gourm    .   c - +0 shield
rNeg     + . .     Faith    .   n - +1 plate armour
rPois    .         Spirit   .   (no helmet)
rElec    .         Reflect  .   (no cloak)
rCorr    .         Harm     .   A - +0 pair of gloves
MR       .....                  (no boots)
Stlth    ..........             (no amulet)
HPRegen  0.23/turn              o - +2 ring of dexterity
MPRegen  0.12/turn              p - ring of positive energy

@: lethally poisoned (-1 -> -7), can't hop, flying, slow
A: +LOS, swims, slowness 1, strong legs 1
a: Hop, Upheaval, Elemental Force, Renounce Religion


You were on level 8 of the Dungeon.
You worshipped Qazlal.
Qazlal was most pleased with you.
You were very hungry.

You visited 1 branch of the dungeon, and saw 8 of its levels.
You also visited: Ossuary.

You collected 224 gold pieces.

Inventory:

Hand Weapons
 a - a +0 long sword
 i - a +0 hunting sling
 K - a +0 scimitar (weapon)
Missiles
 e - 243 stones (quivered)
 H - 4 tomahawks
Armour
 b - a +0 scale mail
 c - a +0 shield (worn)
 n - a +1 plate armour (worn)
 A - a +0 pair of gloves (worn)
Magical Staves
 x - an uncursed staff of power {unknown}
Jewellery
 o - a +2 ring of dexterity (left hand)
 p - a ring of positive energy (right hand)
Wands
 z - a wand of digging (6)
 J - a wand of flame (23)
Scrolls
 g - a scroll of noise {unknown}
 h - 2 scrolls of fog
 k - 7 scrolls of teleportation
 r - 2 scrolls of enchant armour
 s - 3 scrolls of blinking
 t - 3 scrolls of magic mapping
 u - 7 scrolls of remove curse
 v - a scroll of amnesia {unknown}
 y - a scroll of random uselessness {unknown}
 I - a scroll of vulnerability {unknown}
Potions
 d - a potion of might
 j - 3 potions of flight
 l - 7 potions of curing
 m - 2 potions of lignification
 q - a potion of heal wounds
 w - a potion of brilliance {unknown}
 B - 2 potions of magic {unknown}
 C - a potion of invisibility
 D - 2 potions of berserk rage {unknown}
 E - a potion of resistance {unknown}
 F - a potion of haste {unknown}
 G - 3 potions of ambrosia {unknown}
 L - a potion of cancellation {unknown}
Comestibles
 f - 8 rations


   Skills:
 + Level 7.2 Fighting
 + Level 9.6 Long Blades
 + Level 3.9 Throwing
 + Level 8.6 Armour
 + Level 1.7 Dodging
 + Level 0.2 Stealth
 + Level 7.5 Shields
 + Level 0.4 Unarmed Combat


You had 9 spell levels left.
You didn't know any spells.
Your spell library contained the following spells:

 Spells                   Type           Power        Failure   Level  Hunger
 Magic Dart               Conj           #...         100%        1    ##.....
 Conjure Flame            Conj/Fire      #.......     100%        3    ####...
 Slow                     Hex            #.......     100%        2    ###....
 Confuse                  Hex            #.......     100%        3    ####...
 Mephitic Cloud           Conj/Pois/Air  #.......     100%        3    ####...
 Blink                    Tloc           N/A          100%        2    ###....
 Call Imp                 Summ           #.......     100%        2    ###....
 Tukima's Dance           Hex            #.......     100%        3    ####...
 Ensorcelled Hibernation  Hex/Ice        #.....       100%        2    ###....
 Corona                   Hex            #......      100%        1    ##.....
 Dazzling Spray           Conj/Hex       #.....       100%        3    ####...


Dungeon Overview and Level Annotations

Branches:
Dungeon (8/15)             Temple (0/1) D:5
   Lair: D:8-11

Altars:
Cheibriados
Elyvilon
Kikubaaqudgha
Makhleb
Qazlal
Ru
Trog
Uskayaw
Wu Jian
Yredelemnul
Zin
The Shining One

Shops:
D:5 (   D:7 %


Innate Abilities, Weirdness & Mutations

Shadows flee at your approach. (+LOS)
You can swim through water.
You cover ground slowly.
You can hop short distances.


Message History

The orc priest looks braver for a moment.
You block the killer bee's attack.
You reach down and open the door.
You block the killer bee's attack. The killer bee stings you.
* * * LOW HITPOINT WARNING * * *
You are lethally poisoned!
The killer bee poisons you!
* * * LOW HITPOINT WARNING * * *
You feel sick.
The killer bee stings you but does no damage.
You block the killer bee's attack.
There is an open door here.
* * * LOW HITPOINT WARNING * * *
You feel sick. You block the killer bee's attack.
* * * LOW HITPOINT WARNING * * *
You feel sick.
The killer bee stings you but does no damage.
* * * LOW HITPOINT WARNING * * *
You feel sick. The killer bee stings you!
You die...

###........#.#.##.###.#.#.#.####.
.........................>.......
......#......#.##.###.#.#.#.#...<
###...#......# #.#.#.#.#.###
#...#†####.# . ....#.#.#
#...#.####.# ##.#.#.....#
#...#.##.(.# ..#...#.###
....#.##...##########.#.#.#
###..#.##(..'.y@.......#.#.#
####.##.)o############.#.#
#......# #....### #....# # #....#
#..####....##########
........o...........#
##..##..########....#


You could see an orc warrior and a killer bee.

Vanquished Creatures
  A wraith (Ossuary)
  Duvessa (D:4)
  2 orc warriors
  2 phantoms
  An ice beast (D:6)
  A necrophage (D:7)
  3 ogres
  A centaur (D:8)
  A big kobold (D:7)
  A gnoll sergeant (D:5)
  5 bullfrogs
  4 scorpions
  Dowan (D:4)
  7 killer bees
  4 jellies
  A howler monkey (D:6)
  3 wights (D:7)
  2 crimson imps (D:5)
  A quasit (D:4)
  4 hounds
  3 orc priests
  4 orc wizards
  An iguana (D:4)
  Ijyb (D:3)
  4 worker ants (D:7)
  A hound zombie (D:6)
  3 mummies
  4 gnolls (D:6)
  6 adders
  A shadow imp (D:7)
  An ooze (D:2)
  An adder zombie (D:8)
  8 worms
  A dart slug (D:2)
  2 leopard geckos
  17 orcs
  4 giant cockroaches
  2 goblins (D:2)
  8 hobgoblins
  2 jackals (D:8)
  3 quokkas
  2 bats
  7 frilled lizards
  2 giant cockroach zombies (D:5)
  5 gnoll skeletons (Ossuary)
  2 goblin zombies (D:8)
  A jackal skeleton (D:6)
  2 jackal zombies
  16 kobolds
  11 kobold skeletons (Ossuary)
  9 orc skeletons (Ossuary)
  A quokka skeleton (D:4)
  A quokka zombie (D:5)
  4 rats
  4 plants (D:4)
190 creatures vanquished.

Vanquished Creatures (others)
  2 plants (D:4)
2 creatures vanquished.

Grand Total: 192 creatures vanquished

Notes
Turn   | Place    | Note
-------+----------+-------------------------------------------
     0 | D:1      | BingusPrime the Barachi Fighter began the quest for the Orb.
     0 | D:1      | Reached XP level 1. HP: 18/18 MP: 1/1
   225 | D:1      | Reached XP level 2. HP: 16/25 MP: 2/2
  1158 | D:2      | Reached XP level 3. HP: 30/30 MP: 3/3
  1184 | D:2      | Found a glowing golden altar of the Shining One.
  1756 | D:2      | Reached skill level 1 in Throwing
  1758 | D:2      | Found a burning altar of Makhleb.
  1879 | D:2      | Reached XP level 4. HP: 35/37 MP: 4/4
  1977 | D:2      | Found a glowing silver altar of Zin.
  2056 | D:2      | Reached skill level 3 in Long Blades
  2142 | D:2      | Found a glowing golden altar of the Shining One.
  2301 | D:2      | Found a stormy altar of Qazlal.
  2319 | D:2      | Became a worshipper of Qazlal Stormbringer
  2591 | D:3      | Found a basalt altar of Yredelemnul.
  2591 | D:3      | Found a snail-covered altar of Cheibriados.
  2686 | D:3      | Noticed Ijyb
  2724 | D:3      | Killed Ijyb
  2724 | D:3      | Reached XP level 5. HP: 42/42 MP: 5/5
  3446 | D:4      | Noticed Dowan
  3446 | D:4      | Noticed Duvessa
  3546 | D:4      | Reached skill level 5 in Armour
  4080 | D:4      | Noticed an ogre
  4093 | D:4      | Killed an ogre
  4093 | D:4      | Reached skill level 1 in Dodging
  4093 | D:4      | Reached XP level 6. HP: 48/48 MP: 6/6
  4187 | D:4      | Killed Dowan
  4196 | D:4      | Killed Duvessa
  4196 | D:4      | Reached skill level 4 in Long Blades
  4196 | D:4      | Reached XP level 7. HP: 15/55 MP: 7/7
  4959 | D:5      | Entered Level 5 of the Dungeon
  5024 | D:5      | Found Udotu's Antique Weapon Shop.
  5353 | D:5      | Reached skill level 5 in Long Blades
  5353 | D:5      | Reached skill level 5 in Shields
  5418 | D:5      | Reached * piety under Qazlal
  5594 | D:5      | Reached skill level 5 in Fighting
  5594 | D:5      | Reached XP level 8. HP: 48/62 MP: 8/8
  5737 | D:5      | Found a staircase to the Ecumenical Temple.
  5819 | D:5      | Found a white marble altar of Elyvilon.
  6192 | D:6      | Reached skill level 6 in Long Blades
  6640 | D:6      | Found a hide-covered altar of Uskayaw.
  6729 | D:6      | Found an ornate altar of the Wu Jian Council.
  7008 | D:6      | Found a sacrificial altar of Ru.
  7271 | D:6      | Found an ancient bone altar of Kikubaaqudgha.
  7299 | D:6      | Reached skill level 7 in Long Blades
  7502 | D:7      | Found Igudedig's Food Shop.
  7559 | D:7      | Reached XP level 9. HP: 37/70 MP: 9/9
  7963 | D:6      | HP: 3/71 [poisoned by a killer bee]
  8450 | D:6      | Reached ** piety under Qazlal
  8511 | D:7      | Reached skill level 8 in Long Blades
  8774 | D:7      | Found a bloodstained altar of Trog.
  8909 | D:7      | Found a bloodstained altar of Trog.
  9325 | D:8      | Reached skill level 9 in Long Blades
  9339 | D:8      | Found a sand-covered staircase.
  9356 | Ossuary  | Entered an ossuary
  9389 | Ossuary  | Reached *** piety under Qazlal
  9742 | D:8      | Reached XP level 10. HP: 44/79 MP: 10/10
  9765 | D:8      | Slain by a killer bee

Vault maps used:
D:1:      lightli_arrival_isolated_outpost, minmay_misc_feat_diagonals
D:2:      nicolae_qazlal_eye_of_the_storm, lemuel_crystal_altar, zin_treasury,
          lemuel_round_altar, fountainhead, nicolae_tso_swordbearing_angel
D:3:      gammafunk_temple_overflow_wave, uniq_ijyb
D:4:      kennysheep_spiral_hall, first_ration, glass_columns_c,
          serial_bayou_lagoon_a, uniq_duvessa
D:5:      temple_hall, serial_shops, kennysheep_mini, elyvilon_altar_3
D:6:      lemuel_doored_altar, lemuel_crystal_altar,
          eat_drink_and_be_merry_uskayaw, old_standard_altar
D:7:      overflow_temple_1_default, serial_undead, serial_undead_f,
          serial_undead_c, serial_undead_c, serial_undead_a, serial_shops,
          nicolae_shop_stone, trog_butcher_becter
D:8:      lemuel_round_altar, marbit_many_paths, serial_shops, shop_fountains,
          enter_ossuary_4
Ossuary:  ossuary_due_mausoleum

Skill      XL: |  1  2  3  4  5  6  7  8  9 |
---------------+----------------------------+-----
Armour         | 4 5 6 7 8 |  8.6
Throwing       | 1 2 3 |  3.9
Fighting       | 4 5 6 7 |  7.2
Long Blades    | 3 4 5 7 9 |  9.6
Shields        | 4 5 6 7 |  7.5
Dodging        | 1 |  1.7
Stealth        | |  0.2
Unarmed Combat | |  0.4

Action                   |  1- 3 |  4- 6 |  7- 9 | 10-12 || total
-------------------------+-------+-------+-------+-------++-------
Melee: Long sword        |   176 |   225 |   454 |       ||   855
       Unarmed           |       |    13 |       |       ||    13
       Scimitar          |       |       |   164 |     5 ||   169
Throw: Stone             |    87 |    84 |   109 |       ||   280
 Abil: Hop               |       |       |     2 |     1 ||     3
  Use: Scroll            |       |     7 |     4 |       ||    11
       Potion            |       |     2 |     2 |     4 ||     8
  Eat: Ration            |     1 |       |     3 |       ||     4
       Chunk             |       |    10 |     9 |       ||    19
Armor: Scale mail        |    28 |       |       |       ||    28
       Plate armour      |    78 |    96 |   295 |     4 ||   473
       Skin              |       |     2 |    30 |     3 ||    35
Dodge: Dodged            |    32 |    26 |    93 |       ||   151
Block: Shield            |    93 |    68 |   409 |    18 ||   588
       Rpst.: Long sword |     8 |     1 |    26 |       ||    35
       Scimitar          |       |       |     4 |       ||     4

Table legend:
 A = Spawn XP
 B = Non-spawn XP
 C = Spawn XP percentage of total XP
 D = Spawn monster count
 E = Non-spawn monster count
 F = Spawn count percentage of total count
 G = Total turns spent on level
                    A         B        C        D         E        F      G
               +---------+---------+-------+---------+---------+-------+---------
         Total |       0 |    4669 |   0.0 |       0 |     186 |   0.0 |  9765
               +---------+---------+-------+---------+---------+-------+---------
           D:1 |       0 |      26 |   0.0 |       0 |      16 |   0.0 |  1115
           D:2 |       0 |      97 |   0.0 |       0 |      22 |   0.0 |  1424
           D:3 |       0 |      77 |   0.0 |       0 |      12 |   0.0 |   959
           D:4 |       0 |     449 |   0.0 |       0 |      16 |   0.0 |  1461
           D:5 |       0 |     772 |   0.0 |       0 |      26 |   0.0 |  1552
           D:6 |       0 |    1169 |   0.0 |       0 |      26 |   0.0 |  1801
           D:7 |       0 |    1225 |   0.0 |       0 |      29 |   0.0 |   936
           D:8 |       0 |     606 |   0.0 |       0 |      12 |   0.0 |   274
       Ossuary |       0 |     248 |   0.0 |       0 |      27 |   0.0 |   243
               +---------+---------+-------+---------+---------+-------+---------
